 Dungeon Crawl Stone Soup version 0.25.1-2-g60ff931df9 (webtiles) character file.

Game seed: 5281281212137149906

669 GameOver the Conjurer (level 7, -4/55 HPs)
             Began as a Naga Wizard on Oct 3, 2020.
             Was an Initiate of Okawaru.
             Slain by an orc
             ... wielding a +0 hand axe
              (5 damage)
             ... on level 5 of the Dungeon on Oct 7, 2020.
             The game lasted 00:23:53 (2782 turns).

GameOver the Conjurer (Naga Wizard)                 Turns: 2782, Time: 00:23:54

Health: -4/55      AC:  4    Str:  7 (10) XL:     7   Next: 58%
Magic:  2/11       EV:  9    Int: 17 (20) God:    Okawaru [......]
Gold:   151        SH:  0    Dex:  7 (9)  Spells: 4/12 levels left

rFire    + . .     SeeInvis +   g - +1 spear
rCold    + . .     Gourm    .   (no shield)
rNeg     . . .     Faith    .   a - +0 robe
rPois    +         Spirit   .   b - +0 hat
rElec    .         Reflect  .   v - scarf {rC+ rF+}
rCorr    .         Harm     .   m - +0 pair of gloves
MR       .....                  (no barding)
Stlth    ++........             (no amulet)
HPRegen  0.18/turn              (no ring)
MPRegen  0.12/turn              (no ring)

@: mighty, brilliant, flying, very slightly contaminated, very slow
A: large, see invisible, deformed body, poison resistance, slowness 2, slow
metabolism 1, spit poison 1, AC +2
a: Spit Poison, Renounce Religion


You were on level 5 of the Dungeon.
You worshipped Okawaru.
Okawaru was noncommittal.
You were hungry.

You visited 1 branch of the dungeon, and saw 5 of its levels.
You also visited: Sewer.

You collected 151 gold pieces.

Inventory:

Hand Weapons
 c - a +0 short sword
 g - a +1 spear (weapon)
Armour
 a - a +0 robe (worn)
 b - a +0 hat (worn)
 m - a +0 pair of gloves (worn)
 v - a scarf of resistance (worn)
Wands
 r - a wand of disintegration (10)
 x - a wand of polymorph (9)
Scrolls
 f - 2 scrolls of enchant weapon
 h - 2 scrolls of remove curse
 k - a scroll of amnesia
 o - 2 scrolls of teleportation {unknown}
 s - 2 scrolls of identify {unknown}
 t - a scroll of fog {unknown}
 y - a scroll of immolation {unknown}
 z - a scroll of enchant armour {unknown}
 B - a scroll of blinking {unknown}
Potions
 i - a potion of cancellation
 j - 4 potions of curing
 l - a potion of degeneration
 p - 3 potions of flight
 u - a potion of brilliance
 w - a potion of berserk rage {unknown}
 A - a potion of magic {unknown}
Comestibles
 d - 12 rations
 C - 2 chunks of flesh


   Skills:
 - Level 1.5 Dodging
 + Level 4.1 Stealth
 - Level 3.0 Spellcasting
 - Level 6.0 Conjurations
   Level 1.0 Summonings
 + Level 1.9 Translocations
 + Level 1.5 Fire Magic
 + Level 5.3 Poison Magic


You had 4 spell levels left.
You knew the following spells:

 Your Spells              Type           Power        Failure   Level  Hunger
b - Blink                 Tloc           N/A          12%         2    None
d - Mephitic Cloud        Conj/Pois/Air  ###.....     11%         3    None
f - Conjure Flame         Conj/Fire      ###.....     11%         3    None

Your spell library contained the following spells:

 Spells                   Type           Power        Failure   Level  Hunger
 Magic Dart               Conj           ####         1%          1    None
 Beastly Appendage        Tmut           #.....       17%         1    None
 Infusion                 Chrm           #...         17%         1    None
 Call Imp                 Summ           #.......     17%         2    None
 Spider Form              Tmut/Pois      ###.......   17%         3    None
 Shroud of Golubria       Chrm/Tloc      #.....       19%         2    None
 Slow                     Hex            #.......     26%         2    None
 Song of Slaying          Chrm           #.......     26%         2    None
 Sticks to Snakes         Tmut           #.......     26%         2    None
 Ozocubu's Armour         Chrm/Ice       #.......     45%         3    None
 Spectral Weapon          Hex/Chrm       #.......     45%         3    None
 Ice Form                 Ice/Tmut       #.......     86%         4    None
 Blade Hands              Tmut           #.........   99%         5    None


Dungeon Overview and Level Annotations

Branches:
Dungeon (5/15)              Sewer (visited)
 Temple: D:4-7

Altars:
Okawaru

Shops:
D:5 *

Annotations:
D:5 Dowan, Duvessa


Innate Abilities, Weirdness & Mutations

You cannot wear boots.
Your serpentine skin is tough. (AC +2)
You have supernaturally acute eyesight. (SInv)
Armour fits poorly on your strangely shaped body.
Your system is resistant to poisons. (rPois)
You cover ground very slowly.
You have a slow metabolism.
You can spit poison.


Message History

Dowan blinks!
The orc barely misses you.
As you read the scroll labeled TUODWAHEMM, it crumbles to dust.
It is a scroll of enchant weapon.
Your +0 spear glows red for a moment.
The orc hits you with a +2 flail of holy wrath.
The orc barely misses you.
Okay, then.
As you read the scroll labeled SITAUQ FIULLA, it crumbles to dust.
You feel blessed for a moment.
It was a scroll of remove curse.
The orc hits you with a +2 flail of holy wrath!
* * * LOW HITPOINT WARNING * * *
The orc hits you with a +0 hand axe.
* * * LOW HITPOINT WARNING * * *
As you read the scroll labeled OLUHID XU HOKIFRA, it crumbles to dust.
It is a scroll of amnesia.
Forget Magic Dart, freeing 1 spell level for a total of 4? [Y]es or [N]o only, please.
Forget Magic Dart, freeing 1 spell level for a total of 4?
Your memory of Magic Dart unravels.
The orc hits you with a +0 hand axe.
You die...

..#..................
.................... ..
#....##............
....#...(.............#
.......<..............
. ...##...(..........#
.. #.......†e<.)...#
.....c.###.##..ooo..#..
....c#........##@#.##
...h.#........ #####
......<..c....
....Jg.g#...##
.......g....#
.......(##.. ........#
.# ......... #
###......


You could see Dowan and 3 orcs.

Vanquished Creatures
  Purgy (Sewer)
  A centaur (D:5)
  2 scorpions (D:4)
  A howler monkey (D:5)
  2 orc priests
  2 orc wizards
  Jessica (D:2)
  A worker ant (D:4)
  8 gnolls
  5 adders
  An ooze (D:5)
  An adder skeleton (D:4)
  2 worms (D:3)
  2 leopard geckos
  10 orcs
  13 bats
  5 giant cockroaches
  10 goblins
  9 hobgoblins
  8 kobolds
  2 quokkas (D:2)
  A ball python (D:2)
  4 frilled lizards
  A leopard gecko skeleton (D:4)
  A quokka skeleton (D:5)
  5 rats
99 creatures vanquished.

Notes
Turn   | Place    | Note
-------+----------+-------------------------------------------
     0 | D:1      | GameOver the Naga Wizard began the quest for the Orb.
     0 | D:1      | Reached XP level 1. HP: 15/15 MP: 4/4
    75 | D:1      | Reached skill level 2 in Conjurations
    75 | D:1      | Reached XP level 2. HP: 22/22 MP: 1/6
   551 | D:2      | Reached XP level 3. HP: 28/28 MP: 7/7
   555 | D:2      | Learned a level 2 spell: Blink
   559 | D:2      | Learned a level 3 spell: Mephitic Cloud
   596 | D:2      | Noticed Jessica
   601 | D:2      | Killed Jessica
   601 | D:2      | Reached skill level 3 in Conjurations
   601 | D:2      | Reached skill level 1 in Poison Magic
   655 | D:2      | Reached XP level 4. HP: 34/36 MP: 1/8
   976 | D:2      | Reached skill level 4 in Conjurations
   989 | D:2      | Reached XP level 5. HP: 33/42 MP: 1/9
  1148 | D:3      | Learned a level 3 spell: Conjure Flame
  1730 | D:4      | Found a glowing drain.
  1735 | Sewer    | Entered a sewer
  1784 | Sewer    | Noticed Purgy
  1823 | Sewer    | Killed Purgy
  1823 | Sewer    | Reached skill level 5 in Conjurations
  1823 | Sewer    | Reached XP level 6. HP: 36/49 MP: 1/10
  2248 | D:4      | Reached skill level 6 in Conjurations
  2248 | D:4      | Reached XP level 7. HP: 53/55 MP: 5/11
  2485 | D:4      | Found an iron altar of Okawaru.
  2537 | D:4      | Became a worshipper of Warmaster Okawaru
  2654 | D:5      | Entered Level 5 of the Dungeon
  2654 | D:5      | Found Zodghec's Lightly-Used Armoury.
  2748 | D:5      | Reached skill level 1 in Fire Magic
  2748 | D:5      | Reached skill level 5 in Poison Magic
  2754 | D:5      | Noticed Duvessa
  2755 | D:5      | Noticed Dowan
  2781 | D:5      | HP: 1/55 [orc/+0 hand axe (4)]
  2782 | D:5      | Slain by an orc

Illustrated notes

Levels and vault maps discovered:
D:1:      wander_arrival_chamber, layout_basic
D:2:      minmay_alternating_diamond, layout_basic, first_ration, uniq_jessica
D:3:      layout_basic
D:4:      layout_cave_pods, portal_sewer_entry_e, okawaru_altar_gauntlet_db
D:5:      layout_cave_pools, minmay_shop_damaged, minmay_door_square,
          hangedman_minor_gate_pass, uniq_duvessa

Skill      XL: |  1  2  3  4  5  6  7 |
---------------+----------------------+-----
Conjurations   | 2 3 4 5 6 |  6.0
Poison Magic   | 1 2 3 4 5 |  5.3
Fire Magic     | 1 |  1.5
Stealth        | 4 |  4.1
Dodging        | |  1.5
Spellcasting   | |  3.0
Summonings     | |  1.0
Translocations | |  1.9

Action                   |  1- 3 |  4- 6 |  7- 9 || total
-------------------------+-------+-------+-------++-------
Melee: Short sword       |     2 |       |       ||     2
       Spear             |     1 |    30 |    22 ||    53
 Cast: Magic Dart        |    29 |    81 |    12 ||   122
       Mephitic Cloud    |       |     5 |     5 ||    10
       Conjure Flame     |       |     1 |       ||     1
       Blink             |       |       |     1 ||     1
 Abil: Spit Poison       |    24 |    52 |    14 ||    90
  Use: Potion            |       |       |     8 ||     8
       Scroll            |       |       |     3 ||     3
 Stab: Confused          |       |     5 |       ||     5
       Invisible         |       |       |     2 ||     2
  Eat: Chunk             |       |     8 |     2 ||    10
Armor: Robe              |       |     7 |     8 ||    15
Dodge: Dodged            |     7 |    24 |    32 ||    63
